[Event "Titled Tuesday Blitz November 14 Late 2023"]
[White "Ismayil, Malak"]
[Black "Huda, Maryana"]
[WhiteFideId "13412604"]
[BlackFideId "14116553"]
[WhiteElo "2533"]
[BlackElo "2385"]
[Result "1-0"]
[Round "5"]
[TimeControl "180+1"]
[Date "2023.11.14"]
[WhiteClock "0:00:08"]
[BlackClock "0:00:00"]
[Board "89"]

1. e4 c5 2. Nf3 d6 3. Bb5+ Bd7 4. Bxd7+ Qxd7 5. c4 Nf6 6. Nc3 Nc6 7. d4 cxd4 8. Nxd4 e6 9. O-O Be7 10. Re1 O-O 11. Bg5 a6 12. Rc1 Rac8 13. b3 Nxd4 14. Qxd4 Qc7 15. h3 Rfd8 16. Qe3 Ne8 17. Bf4 Qc5 18. Qg3 Bf6 19. Na4 Qc7 20. c5 e5 21. Be3 dxc5 22. Bxc5 b5 23. Nb2 Qb7 24. b4 Nd6 25. Bxd6 Rxd6 26. Nd3 Rxc1 27. Rxc1 h6 28. Nxe5 Qxe4 29. Nxf7 Kxf7 30. Qxd6 Be5 31. Rc7+ Kg8 32. Qd8+ Kh7 33. Rc1 Qe2 34. Qd1 Qxd1+ 35. Rxd1 Bc3 36. a3 Bb2 37. Rd3 Kg6 38. Kf1 Kf5 39. Ke2 Ke4 40. f3+ Ke5 41. g4 g5 42. Ke3 Ba1 43. Rd7 Bb2 44. Re7+ Kd6 45. Ra7 Bxa3 46. Rxa6+ Kd5 47. Rxa3 1-0


[Site "https://www.chess.com"]

[Event "Titled Tuesday Blitz November 14 Late 2023"]
[White "Skaric, Djuro"]
[Black "TimGrutter03"]
[WhiteFideId "934569"]
[WhiteElo "2369"]
[BlackElo "2530"]
[Result "0-1"]
[Round "5"]
[TimeControl "180+1"]
[Date "2023.11.14"]
[WhiteClock "0:00:39"]
[BlackClock "0:00:23"]
[Board "90"]

1. g3 g6 2. Bg2 Bg7 3. d3 d6 4. Nc3 Nc6 5. e4 Nd4 6. f4 h5 7. h3 c5 8. Nf3 a6 9. O-O Nh6 10. Nh4 Bf6 11. Nf3 Nxf3+ 12. Qxf3 Bd7 13. e5 Bc6 14. Qe2 dxe5 15. Bxc6+ bxc6 16. fxe5 Qd4+ 17. Kg2 Qxe5 18. Qf3 Qd6 19. Bxh6 Rxh6 20. Rae1 Bxc3 21. Qxf7+ Kd7 22. bxc3 g5 23. Rf5 h4 24. gxh4 gxh4 25. Qg7 Rg6+ 26. Rg5 Rxg7 27. Rxg7 Rf8 28. Re4 Qf6 29. Kh2 Qxg7 0-1


[Site "https://www.chess.com"]

[Event "Titled Tuesday Blitz November 14 Late 2023"]
[White "topce"]
[Black "Weak-Player_EGY"]
[WhiteElo "2529"]
[BlackElo "2359"]
[Result "0-1"]
[Round "5"]
[TimeControl "180+1"]
[Date "2023.11.14"]
[WhiteClock "0:02:10"]
[BlackClock "0:01:48"]
[Board "91"]

1. c4 Nf6 2. Nc3 g6 3. d4 Bg7 4. e4 d6 5. f4 O-O 6. Nf3 c5 7. d5 e6 8. dxe6 Bxe6 9. Bd3 Nc6 10. O-O a6 11. f5 Bd7 12. fxg6 hxg6 13. Bg5 Be6 14. Qd2 Rb8 15. Bh6 b5 16. Bxg7 Kxg7 17. Nd5 bxc4 18. Bxc4 Bxd5 19. exd5 Na5 20. b3 Nxc4 21. bxc4 Qb6 22. Ng5 Qb2 23. Qf4 Rfe8 24. Rab1 Qd4+ 25. Qxd4 cxd4 26. Rb2 Rxb2 0-1


[Site "https://www.chess.com"]

[Event "Titled Tuesday Blitz November 14 Late 2023"]
[White "Pourkashiyan, Atousa"]
[Black "Spichkin, Alexander"]
[WhiteFideId "12502014"]
[BlackFideId "4144074"]
[WhiteElo "2528"]
[BlackElo "2341"]
[Result "1-0"]
[Round "5"]
[TimeControl "180+1"]
[Date "2023.11.14"]
[WhiteClock "0:00:19"]
[BlackClock "0:02:04"]
[Board "92"]

1. e4 e5 2. Nf3 d5 3. Nc3 dxe4 4. Nxe4 f5 5. Nc3 e4 6. Ne5 Nf6 7. d4 Bd6 8. Bf4 O-O 9. Bc4+ Kh8 10. O-O c6 11. Bg3 b5 12. Bb3 b4 13. Ne2 Nd5 14. Nf4 Bxe5 15. dxe5 Nxf4 16. Bxf4 Bb7 17. Qd6 Qe8 18. Qxb4 Ba6 19. Bc4 Bxc4 20. Qxc4 Nd7 21. Qxc6 Rc8 22. Qa4 Nxe5 23. Qxe8 Rfxe8 24. Bxe5 Rxe5 25. c3 Rb5 26. Rab1 Kg8 27. Rfd1 Kf7 28. Kf1 Ke6 29. Ke2 g5 30. Kd2 f4 31. Kc2 Rcb8 32. Rd4 Re5 33. Rbd1 h6 34. Rd6+ Kf5 35. R6d5 Re8 36. Rxe5+ Rxe5 37. c4 e3 38. fxe3 Rxe3 39. b4 Re2+ 40. Rd2 Re4 41. Kc3 Re2 42. Rxe2 g4 43. c5 f3 44. gxf3 gxf3 45. Rf2 Kf4 46. Kd4 h5 47. c6 1-0


[Site "https://www.chess.com"]

[Event "Titled Tuesday Blitz November 14 Late 2023"]
[White "Womacka, Mathias"]
[Black "FM_Kappeler"]
[WhiteFideId "4611390"]
[WhiteElo "2528"]
[BlackElo "2310"]
[Result "1-0"]
[Round "5"]
[TimeControl "180+1"]
[Date "2023.11.14"]
[WhiteClock "0:00:45"]
[BlackClock "0:00:20"]
[Board "93"]

1. e4 c5 2. Nf3 e6 3. d4 cxd4 4. Nxd4 Nf6 5. Nc3 d6 6. Be2 Nc6 7. O-O Be7 8. Be3 O-O 9. f4 e5 10. fxe5 dxe5 11. Nf5 Bxf5 12. Rxf5 Qxd1+ 13. Rxd1 Rfd8 14. Rxd8+ Rxd8 15. Bc4 Bb4 16. Nd5 Nxd5 17. Bxd5 Rd7 18. Bxc6 bxc6 19. Rxe5 f6 20. Re6 Rd1+ 21. Kf2 Rb1 22. b3 Rb2 23. Rxc6 Rxa2 24. Ke2 a5 25. h4 a4 26. bxa4 Be7 27. Rc4 Kf7 28. Bb6 Ke6 29. a5 h5 30. Kd3 g6 31. Rc6+ Ke5 32. Bc7+ 1-0


[Site "https://www.chess.com"]

[Event "Titled Tuesday Blitz November 14 Late 2023"]
[White "Szente Varga, Fruzsina"]
[Black "RodokininEV"]
[WhiteFideId "712264"]
[WhiteElo "2340"]
[BlackElo "2527"]
[Result "1-0"]
[Round "5"]
[TimeControl "180+1"]
[Date "2023.11.14"]
[WhiteClock "0:01:09"]
[BlackClock "0:00:18"]
[Board "94"]

1. e4 c5 2. Nf3 Nc6 3. Bb5 g6 4. O-O Bg7 5. Nc3 Nf6 6. e5 Ng4 7. Bxc6 dxc6 8. Qe2 Nh6 9. Ne4 b6 10. d3 Bg4 11. Bf4 Nf5 12. h3 Bxf3 13. Qxf3 Nd4 14. Qd1 O-O 15. Qd2 Qd5 16. c4 Qd7 17. Bh6 Rfd8 18. Rad1 a5 19. Bxg7 Kxg7 20. Kh2 Qe6 21. f4 Rd7 22. Ng5 Qf5 23. g4 Qxg5 24. fxg5 e6 25. Qf4 Rad8 26. h4 Ne2 27. Qf6+ Kg8 28. h5 Kf8 29. Qh8+ Ke7 30. Rxf7+ Kxf7 31. Rf1+ Ke7 32. Qf6+ Ke8 33. Qf8# 1-0


[Site "https://www.chess.com"]

[Event "Titled Tuesday Blitz November 14 Late 2023"]
[White "Jovic, Stanoje"]
[Black "Kohler, Aran"]
[WhiteFideId "905020"]
[BlackFideId "1002856"]
[WhiteElo "2525"]
[BlackElo "2292"]
[Result "1-0"]
[Round "5"]
[TimeControl "180+1"]
[Date "2023.11.14"]
[WhiteClock "0:02:28"]
[BlackClock "0:01:33"]
[Board "95"]

1. c4 e5 2. g3 Nf6 3. Bg2 Nc6 4. Nf3 Bc5 5. O-O d6 6. e3 e4 7. Ng5 Bf5 8. Nc3 Qe7 9. Nd5 Nxd5 10. cxd5 Qxg5 11. dxc6 bxc6 12. Qa4 Qe7 13. Qxc6+ Kd8 14. Qxa8+ Bc8 15. Bh3 1-0


[Site "https://www.chess.com"]

[Event "Titled Tuesday Blitz November 14 Late 2023"]
[White "Rizzo, Tobias"]
[Black "Lock, Gavin R"]
[WhiteFideId "30942691"]
[BlackFideId "408646"]
[WhiteElo "2518"]
[BlackElo "2255"]
[Result "0-1"]
[Round "5"]
[TimeControl "180+1"]
[Date "2023.11.14"]
[WhiteClock "0:00:00"]
[BlackClock "0:00:08"]
[Board "96"]

1. e4 c6 2. d4 d5 3. e5 c5 4. dxc5 e6 5. a3 Bxc5 6. Qg4 Ne7 7. Bd3 Nbc6 8. Nf3 Ng6 9. b4 Bb6 10. Bb2 Qc7 11. Qg3 a5 12. b5 Nce7 13. Nbd2 a4 14. h4 h5 15. O-O Nf5 16. Bxf5 exf5 17. Rac1 f4 18. Qg5 Be6 19. Nd4 Qd7 20. c4 Bd8 21. Nxe6 Bxg5 22. Nxg5 O-O 23. Rfe1 Nxh4 24. cxd5 Qg4 25. g3 fxg3 26. f4 Nf5 27. Nde4 Qxf4 28. Rf1 Qg4 29. Rc2 Ne3 30. Re2 Nxf1 31. Kxf1 Rad8 32. Rg2 Rxd5 33. Rxg3 Rd1+ 34. Kf2 Qf5+ 35. Rf3 Qg4 36. Rg3 Qc8 37. Nf6+ Kh8 38. Rh3 Qc2+ 39. Ke3 Rd3+ 40. Ke4 Rxh3+ 41. Kf4 Rb3 42. e6 Qd2+ 0-1


[Site "https://www.chess.com"]

[Event "Titled Tuesday Blitz November 14 Late 2023"]
[White "Aarakan, J"]
[Black "Przybylski, Wojciech"]
[WhiteFideId "9946276"]
[BlackFideId "1117599"]
[WhiteElo "2239"]
[BlackElo "2517"]
[Result "1/2-1/2"]
[Round "5"]
[TimeControl "180+1"]
[Date "2023.11.14"]
[WhiteClock "0:00:22"]
[BlackClock "0:00:03"]
[Board "97"]

1. e4 e5 2. Nf3 Nc6 3. Bc4 Nf6 4. Ng5 d5 5. exd5 Na5 6. d3 Nxc4 7. dxc4 h6 8. Nf3 e4 9. Nd4 Bd6 10. Be3 O-O 11. Nd2 Ng4 12. Nf1 f5 13. h3 Ne5 14. Qe2 f4 15. Bd2 f3 16. gxf3 exf3 17. Qe4 Nxc4 18. O-O-O Qf6 19. Bc3 Qf4+ 20. Qxf4 Bxf4+ 21. Kb1 Bd6 22. Ne6 Bxe6 23. dxe6 Rfe8 24. b3 Ne5 25. Rg1 Rxe6 26. Ne3 Rf8 27. Nc4 Rf7 28. Nxd6 cxd6 29. Rd5 Ng6 30. Rd3 Kh7 31. Kb2 Nh4 32. Bd4 a6 33. a4 g5 34. Bc3 Re2 35. Bd4 Rfe7 36. Bb6 R7e6 37. Rgd1 h5 38. Rxd6 Kg6 39. Rxe6+ Rxe6 40. Bd4 Nf5 41. Bc5 g4 42. Rg1 Kg5 43. hxg4 hxg4 44. Kc3 Re2 45. Kd3 Kf4 46. Bb6 Kg5 47. b4 Re8 48. c4 Kf4 49. Bc7+ Kg5 50. b5 Rc8 51. b6 Re8 52. c5 Nh4 53. Bg3 Nf5 54. Kc4 Ne7 55. a5 Nc6 56. Bd6 Re4+ 57. Kd3 Rd4+ 58. Kc3 Kf5 59. Rh1 Ra4 60. Rh5+ Kg6 61. Rh4 Kg5 62. Rh8 Rxa5 63. Rg8+ Kf5 64. Rf8+ Ke6 65. Rg8 Ra3+ 66. Kd2 Ra2+ 67. Ke3 Re2+ 68. Kf4 Rxf2 69. Rxg4 Rf1 70. Rg3 f2 71. Kf3 Kd5 72. Rg2 Nd4+ 73. Kg3 Rg1 74. Kxf2 Rxg2+ 75. Kxg2 a5 76. Kf2 Kc4 77. Ke3 Nc6 78. Bf8 Kb3 79. Bg7 a4 80. Kd3 a3 81. Bf6 Nb4+ 82. Ke4 a2 83. Bg7 Kc2 84. Kf5 Nc6 85. Ke6 Kb1 86. Kd7 a1=Q 87. Bxa1 Kxa1 88. Kc7 Na5 89. c6 bxc6 90. b7 Nxb7 91. Kxc6 1/2-1/2


[Site "https://www.chess.com"]

[Event "Titled Tuesday Blitz November 14 Late 2023"]
[White "Statham_l3"]
[Black "Rodriguez Dominguez, Melissa"]
[BlackFideId "3517560"]
[WhiteElo "2516"]
[BlackElo "2235"]
[Result "1-0"]
[Round "5"]
[TimeControl "180+1"]
[Date "2023.11.14"]
[WhiteClock "0:00:05"]
[BlackClock "0:00:09"]
[Board "98"]

1. e4 c5 2. Nf3 e6 3. d4 cxd4 4. Nxd4 Nc6 5. Nc3 Qc7 6. Be3 a6 7. f4 b5 8. Be2 Bb7 9. O-O Rc8 10. f5 Nf6 11. Bf4 Qb6 12. fxe6 dxe6 13. e5 Nd7 14. Be3 Bc5 15. Rf4 Ndxe5 16. Ne4 Nxd4 17. Nxc5 Nxe2+ 18. Qxe2 O-O 19. Qh5 Rxc5 20. b4 Nf3+ 21. gxf3 Rxh5 22. Bxb6 Rg5+ 23. Kf2 Rc8 24. Rc1 Rf5 25. Rxf5 exf5 26. Bc5 g6 27. Re1 Bd5 28. Re7 Kg7 29. a3 Kg8 30. Ra7 h5 31. c3 Bc4 32. Rxa6 Re8 33. h4 Re2+ 34. Kg3 Rc2 35. Bd4 Rc1 36. Ra8+ Kh7 37. Rh8# 1-0


[Site "https://www.chess.com"]

[Event "Titled Tuesday Blitz November 14 Late 2023"]
[White "Sivanandan, Bodhana"]
[Black "D`Arruda, Ricardo D."]
[WhiteFideId "497592"]
[BlackFideId "100692"]
[WhiteElo "2182"]
[BlackElo "2516"]
[Result "0-1"]
[Round "5"]
[TimeControl "180+1"]
[Date "2023.11.14"]
[WhiteClock "0:00:51"]
[BlackClock "0:00:34"]
[Board "99"]

1. d4 Nf6 2. Nf3 e6 3. Bf4 d5 4. e3 c5 5. c3 Bd6 6. Bxd6 Qxd6 7. dxc5 Qxc5 8. Nbd2 O-O 9. Bd3 Nc6 10. O-O e5 11. e4 dxe4 12. Nxe4 Nxe4 13. Bxe4 Be6 14. Bxc6 bxc6 15. Re1 f6 16. Qe2 Rad8 17. Nd2 Rd7 18. Ne4 Qb6 19. b3 Rfd8 20. Rad1 h6 21. Rxd7 Rxd7 22. Rd1 Rxd1+ 23. Qxd1 Qa5 24. Qd2 Bxb3 25. h3 Qxa2 26. Qd8+ Kh7 27. Nd6 Qd2 28. Qe7 Qxc3 29. Ne8 Qc1+ 30. Kh2 Qg5 31. g3 Bd5 32. h4 Qg6 33. Nc7 Qe4 34. Nxd5 cxd5 35. Qxa7 d4 36. Qa2 d3 37. Kg1 Qe2 38. Kg2 Qxa2 0-1


[Site "https://www.chess.com"]

[Event "Titled Tuesday Blitz November 14 Late 2023"]
[White "Figorito, Nick"]
[Black "Golubev, Mikhail"]
[WhiteFideId "30923689"]
[BlackFideId "14100983"]
[WhiteElo "2406"]
[BlackElo "2608"]
[Result "0-1"]
[Round "5"]
[TimeControl "180+1"]
[Date "2023.11.14"]
[WhiteClock "0:01:06"]
[BlackClock "0:01:10"]
[Board "100"]

1. Nf3 d6 2. g3 g6 3. Bg2 Bg7 4. O-O e5 5. c4 Nc6 6. Nc3 f5 7. d3 h6 8. Rb1 a5 9. a3 g5 10. Ne1 Nf6 11. Nd5 O-O 12. b4 axb4 13. axb4 Nxd5 14. cxd5 Ne7 15. Qc2 f4 16. Bd2 Nf5 17. Bc3 Rf7 18. Nf3 g4 19. Nd2 h5 20. Ra1 Rb8 21. gxf4 exf4 22. Bxg7 Rxg7 23. Ne4 f3 24. Kh1 fxg2+ 25. Kxg2 Qh4 26. Ng3 Qh3+ 27. Kh1 h4 28. Nxf5 Bxf5 29. Qc4 g3 30. fxg3 hxg3 0-1


[Site "https://www.chess.com"]

[Event "Titled Tuesday Blitz November 14 Late 2023"]
[White "Qiao, Cindy"]
[Black "Likvidator228"]
[WhiteFideId "2620243"]
[WhiteElo "2404"]
[BlackElo "2562"]
[Result "0-1"]
[Round "5"]
[TimeControl "180+1"]
[Date "2023.11.14"]
[WhiteClock "0:00:37"]
[BlackClock "0:00:20"]
[Board "101"]

1. d4 f5 2. Bg5 g6 3. e3 Nh6 4. Nc3 Nf7 5. Bh4 Bg7 6. Bc4 O-O 7. Nf3 c6 8. O-O d5 9. Bb3 Nd7 10. Ne2 Qe8 11. c4 e6 12. Rc1 h6 13. h3 Nd6 14. Nd2 Kh7 15. Bg3 Qe7 16. cxd5 exd5 17. Nc3 Nf6 18. Be5 Nfe4 19. Bxg7 Kxg7 20. Re1 Be6 21. Nf3 g5 22. Ne5 Rf6 23. f4 Kh7 24. Kh2 Rg8 25. Bc2 Qg7 26. Qf3 g4 27. Qf1 gxh3 28. Bxe4 Qg3+ 29. Kg1 fxe4 30. Rc2 Nf5 31. Qf2 hxg2 32. Qxg3 Rxg3 33. Nd1 Nh4 34. Kh2 Rg7 35. Rg1 Rf5 36. Kh3 Rh5+ 37. Kh2 Nf3# 0-1


[Site "https://www.chess.com"]

[Event "Titled Tuesday Blitz November 14 Late 2023"]
[White "Jamal-Jamal-Jamal"]
[Black "Ocelak, Jakub"]
[BlackFideId "23707933"]
[WhiteElo "2403"]
[BlackElo "2534"]
[Result "1-0"]
[Round "5"]
[TimeControl "180+1"]
[Date "2023.11.14"]
[WhiteClock "0:02:37"]
[BlackClock "0:02:39"]
[Board "102"]

1. e4 c5 2. Nf3 Nc6 3. d4 cxd4 4. Nxd4 Nf6 5. Nc3 e5 6. Ndb5 d6 7. Nd5 Nxd5 8. exd5 Ne7 9. c4 f5 10. Qa4 Bd7 11. Nxd6# 1-0


[Site "https://www.chess.com"]

[Event "Titled Tuesday Blitz November 14 Late 2023"]
[White "Reprintsev, Alexander"]
[Black "Degtiarev, Evgeny"]
[WhiteFideId "14100541"]
[BlackFideId "4149610"]
[WhiteElo "2505"]
[BlackElo "2378"]
[Result "0-1"]
[Round "5"]
[TimeControl "180+1"]
[Date "2023.11.14"]
[WhiteClock "0:00:21"]
[BlackClock "0:00:04"]
[Board "103"]

1. e4 e5 2. Nf3 Nc6 3. Bc4 Bc5 4. b4 Bxb4 5. c3 Ba5 6. d4 b5 7. Bxb5 exd4 8. Bxc6 dxc6 9. O-O dxc3 10. Qa4 Bb6 11. Qxc6+ Bd7 12. Qxc3 Qf6 13. e5 Qg6 14. Be3 Ne7 15. Bxb6 cxb6 16. Nbd2 Bc6 17. Qa3 h5 18. Rfe1 O-O-O 19. Rac1 Rxd2 20. Qxe7 Rd7 21. Qg5 Qxg5 22. Nxg5 Kb7 23. e6 fxe6 24. Nxe6 Re8 25. Nc5+ bxc5 26. Rxe8 Bd5 27. Re5 c4 28. Rxh5 Kc6 29. f3 Re7 30. Kf2 Rb7 31. Rc2 a5 32. h4 a4 33. Rg5 a3 34. h5 Rb2 35. Re2 c3 36. Rg6+ Kc5 37. Rxg7 Bc4 38. Rg5+ Kb4 39. Rg4 Rxe2+ 40. Kf1 c2 0-1


[Site "https://www.chess.com"]

[Event "Titled Tuesday Blitz November 14 Late 2023"]
[White "Osmak, Yuliia"]
[Black "Van Osch, Mees"]
[WhiteFideId "14101602"]
[BlackFideId "1035967"]
[WhiteElo "2501"]
[BlackElo "2355"]
[Result "1-0"]
[Round "5"]
[TimeControl "180+1"]
[Date "2023.11.14"]
[WhiteClock "0:00:52"]
[BlackClock "0:00:00"]
[Board "104"]

1. e4 e6 2. d4 c5 3. d5 exd5 4. exd5 Nf6 5. c4 g6 6. Nc3 Bg7 7. Bd3 O-O 8. Nge2 d6 9. O-O Nbd7 10. b3 Ne5 11. Bc2 h5 12. Bg5 a6 13. a4 Qa5 14. h3 Nh7 15. Bd2 Qd8 16. f4 Nd7 17. f5 Ne5 18. Nf4 Qh4 19. fxg6 fxg6 20. Nxg6 Nxg6 21. Bxg6 Rxf1+ 22. Qxf1 Qg3 23. Qf7+ Kh8 24. Bxh7 Bxh3 25. Be4 Bd4+ 26. Kf1 Qg7 27. Qxg7+ Kxg7 28. gxh3 Rf8+ 29. Ke2 Rf2+ 30. Ke1 Rh2 31. Rc1 Rxh3 32. Ne2 Be5 33. Kf2 Rxb3 34. Rg1+ Kf8 35. Bh6+ 1-0


[Site "https://www.chess.com"]

[Event "Titled Tuesday Blitz November 14 Late 2023"]
[White "Esquivel Golcher, Luis Enrique"]
[Black "Sreyas Payyappat"]
[WhiteFideId "6600174"]
[BlackFideId "46674969"]
[WhiteElo "2364"]
[BlackElo "2494"]
[Result "1-0"]
[Round "5"]
[TimeControl "180+1"]
[Date "2023.11.14"]
[WhiteClock "0:00:15"]
[BlackClock "0:00:17"]
[Board "105"]

1. e4 c6 2. d4 d5 3. f3 Qb6 4. Nc3 dxe4 5. fxe4 e5 6. Nf3 exd4 7. Qxd4 Qxd4 8. Nxd4 Nf6 9. e5 Ng4 10. Bf4 Bc5 11. Rd1 O-O 12. Ne4 Bxd4 13. Rxd4 Bf5 14. Nd6 Be6 15. Bd3 Nd7 16. O-O Ngxe5 17. Be4 f6 18. Nxb7 Rab8 19. Bxe5 Nxe5 20. Nc5 Bd5 21. b4 Rfd8 22. Rfd1 Nf7 23. Bxd5 Rxd5 24. Rxd5 cxd5 25. c3 Rd8 26. Na6 Rd7 27. Nc5 Rd8 28. a4 Ne5 29. Ne6 Rd6 30. Nf4 d4 31. Rxd4 Rxd4 32. cxd4 Nc6 33. Nd3 Nxd4 34. Kf2 Kf7 35. Ke3 Nf5+ 36. Ke4 g6 37. g4 Ne7 38. Kd4 Ke6 39. Kc5 f5 40. h3 h5 41. gxf5+ Kxf5 42. b5 g5 43. a5 g4 44. hxg4+ hxg4 45. b6 axb6+ 46. axb6 g3 47. Ne1 Kf4 48. b7 Ng6 49. b8=Q+ Ne5 1-0


[Site "https://www.chess.com"]

[Event "Titled Tuesday Blitz November 14 Late 2023"]
[White "chessjazda"]
[Black "Urbina Perez, Juan Antonio"]
[BlackFideId "2217368"]
[WhiteElo "2337"]
[BlackElo "2493"]
[Result "1-0"]
[Round "5"]
[TimeControl "180+1"]
[Date "2023.11.14"]
[WhiteClock "0:00:09"]
[BlackClock "0:00:05"]
[Board "106"]

1. b3 e5 2. Bb2 Nc6 3. c4 Nf6 4. g3 d5 5. cxd5 Nxd5 6. Nc3 Be6 7. Bg2 Be7 8. Nf3 O-O 9. O-O Re8 10. Nxd5 Bxd5 11. d3 Qd7 12. Rc1 Rad8 13. Qc2 Rc8 14. Rfe1 Bb4 15. Red1 Nd4 16. Nxd4 Bxg2 17. Kxg2 exd4 18. a3 Bd6 19. b4 Qe6 20. Re1 Qd5+ 21. Kg1 Re6 22. Qc4 Qh5 23. Qxd4 Be5 24. Qd7 Rce8 25. Bxe5 Rxe5 26. Rxc7 h6 27. e3 Qf3 28. Rc8 Rxc8 29. Qxc8+ Kh7 30. Qc2 Rh5 31. d4+ g6 32. Qe2 Qf5 33. Rc1 Qh3 34. f3 Qe6 35. e4 a5 36. Rc5 axb4 37. Rxh5 gxh5 38. axb4 Qb3 39. e5 Qxb4 40. Qe4+ Kg7 41. d5 Qc5+ 42. Kg2 b5 43. e6 fxe6 44. dxe6 Qe7 45. Qe5+ Kh7 46. Qf5+ Kg7 47. Qe5+ Kh7 48. f4 b4 49. f5 Qb7+ 50. Kh3 Qf3 51. e7 Qf1+ 52. Kh4 Qf3 53. Qf4 Qg2 54. h3 Qe2 55. f6 b3 56. Qf5+ Kh8 57. f7 Qxe7+ 58. Kxh5 Qf8 59. Qf6+ Kh7 60. Qg6+ Kh8 61. Qxh6+ Qxh6+ 62. Kxh6 b2 63. f8=R# 1-0


[Site "https://www.chess.com"]

[Event "Titled Tuesday Blitz November 14 Late 2023"]
[White "Ballester Llagaria, Luis Eduardo"]
[Black "Ramadoss, Ashokkumar"]
[WhiteFideId "2297620"]
[BlackFideId "5040990"]
[WhiteElo "2491"]
[BlackElo "2334"]
[Result "1/2-1/2"]
[Round "5"]
[TimeControl "180+1"]
[Date "2023.11.14"]
[WhiteClock "0:00:41"]
[BlackClock "0:00:08"]
[Board "107"]

1. e4 e6 2. d4 d5 3. Nd2 Be7 4. Bd3 c5 5. exd5 Qxd5 6. Ngf3 cxd4 7. O-O Nf6 8. Nb3 Nc6 9. Nbxd4 Nxd4 10. Nxd4 Bd7 11. c3 O-O 12. Qe2 Bc6 13. Nxc6 Qxc6 14. Bf4 Rfd8 15. Rad1 a6 16. Rfe1 Rd7 17. Bc2 Rad8 18. Rxd7 Rxd7 19. h3 Bd6 20. Bg5 Qc5 21. Bxf6 gxf6 22. Rd1 Kf8 23. Qf3 Ke7 24. Rd4 Qe5 25. g3 f5 26. Qd1 Qc5 27. Qh5 f4 28. Qh4+ Ke8 29. gxf4 f5 30. Bd1 Be7 31. Qh5+ Kd8 32. Rxd7+ Kxd7 33. Qxh7 Qc4 34. Bb3 Qxf4 35. Qf7 Qg5+ 36. Kf1 Qc1+ 37. Kg2 Qg5+ 38. Kh1 Qf6 39. Qh5 Qe5 40. Qf3 Kc8 41. Kg2 Bd6 42. Kf1 Kb8 43. h4 Qh2 44. Bxe6 Qxh4 45. Bxf5 Qf6 46. Qd5 Qe5 47. Be4 Qxd5 48. Bxd5 Kc7 49. Ke2 b6 50. Kd3 Be5 51. Ke4 Kd6 52. Bc4 a5 53. a4 Bf6 54. f4 Bg7 55. Kf5 Ke7 56. Kg6 Bf6 57. Bd3 Bh8 58. Kf5 Bf6 59. Ke4 Kd6 60. Bc4 Bg7 61. Kd3 Kc5 62. Bg8 Bf6 63. Bf7 Bg7 64. Be8 Bf6 65. Ke4 Kd6 66. Kf5 Ke7 67. Kg6 Bh8 68. Bc6 Bf6 69. Bg2 Bh8 70. Kf5 Bf6 71. Ke4 Kd6 72. Kd3 Kc5 73. Kc2 Kc4 74. b3+ Kc5 75. Kd3 Bg7 76. Be4 Bf6 77. Bg6 Bg7 78. Be8 Bf6 79. Bb5 Bg7 80. c4 Bf6 81. Ke4 Kd6 82. Kf5 Ke7 83. Kg6 Bd4 84. Kf5 Bf6 85. Ke4 Kd6 86. Kf5 Ke7 1/2-1/2


[Site "https://www.chess.com"]

[Event "Titled Tuesday Blitz November 14 Late 2023"]
[White "rikchessmx"]
[Black "Kanyamarala, Trisha"]
[BlackFideId "45004722"]
[WhiteElo "2329"]
[BlackElo "2491"]
[Result "0-1"]
[Round "5"]
[TimeControl "180+1"]
[Date "2023.11.14"]
[WhiteClock "0:02:08"]
[BlackClock "0:01:28"]
[Board "108"]

1. e4 c5 2. Nf3 d6 3. d4 cxd4 4. Nxd4 Nf6 5. Nc3 Nc6 6. Nb3 e5 7. Bd3 Be6 8. O-O Be7 9. f4 O-O 10. f5 Bxb3 11. axb3 d5 12. Qf3 Nd4 13. Qf2 Bc5 14. Kh1 Nxb3 15. Be3 Ng4 16. Bxc5 Nxf2+ 17. Rxf2 Nxa1 18. Rf1 dxe4 19. Nxe4 Nb3 20. Bxf8 Kxf8 21. f6 g6 22. Ng5 h6 23. Nxf7 Kxf7 24. Bc4+ Kf8 25. Bxb3 Qd6 26. f7 Rd8 27. h3 Qa6 28. Kg1 Qb6+ 29. Kh2 Rd2 30. Rf3 Qc6 31. Rc3 Qxg2# 0-1


[Site "https://www.chess.com"]

[Event "Titled Tuesday Blitz November 14 Late 2023"]
[White "Romero Ruscalleda, Josep"]
[Black "YouShallNotPass001"]
[WhiteFideId "2231859"]
[WhiteElo "2325"]
[BlackElo "2478"]
[Result "0-1"]
[Round "5"]
[TimeControl "180+1"]
[Date "2023.11.14"]
[WhiteClock "0:00:11"]
[BlackClock "0:00:22"]
[Board "109"]

1. e4 c5 2. c3 g6 3. d4 Qc7 4. Nf3 Bg7 5. Be3 d6 6. Bd3 Nd7 7. O-O Ngf6 8. Nbd2 O-O 9. Re1 a6 10. a4 Rb8 11. Bf4 e5 12. Bg5 b5 13. axb5 axb5 14. d5 h6 15. Bh4 c4 16. Bc2 Nc5 17. Qe2 Nh5 18. Bg3 Bg4 19. Qe3 Ra8 20. h3 Bd7 21. Bh2 Qb7 22. Nxe5 Rxa1 23. Rxa1 Ra8 24. Rxa8+ Qxa8 25. Nxd7 Nxd7 26. Bxd6 Qa1+ 27. Bb1 Qxb2 28. Bb4 Bf6 29. f4 Nxf4 30. Qxf4 Bg5 31. Qf1 Qxd2 32. Kh1 Ne5 33. d6 Nd3 34. Bxd3 cxd3 35. e5 Qe2 36. Qxe2 dxe2 37. c4 bxc4 38. Kg1 Be3+ 39. Kh2 Bc5 40. Bc3 Bd4 41. d7 Bxc3 42. d8=Q+ Kh7 43. Qf6 Kg8 44. Qd8+ Kg7 45. Qf6+ Kf8 46. e6 Bxf6 0-1


[Site "https://www.chess.com"]

[Event "Titled Tuesday Blitz November 14 Late 2023"]
[White "Martin Barcelo, Carles"]
[Black "Golubenko, Valentina"]
[WhiteFideId "24561444"]
[BlackFideId "4501993"]
[WhiteElo "2474"]
[BlackElo "2297"]
[Result "0-1"]
[Round "5"]
[TimeControl "180+1"]
[Date "2023.11.14"]
[WhiteClock "0:01:43"]
[BlackClock "0:00:12"]
[Board "110"]

1. e4 e6 2. Nf3 d5 3. e5 c5 4. b4 c4 5. a3 a6 6. d4 cxd3 7. cxd3 Nc6 8. d4 Nge7 9. Bd3 Nf5 10. Bxf5 exf5 11. Nc3 Be6 12. h4 Be7 13. Bg5 f6 14. exf6 Bxf6 15. Qd2 O-O 16. Ne2 h6 17. Bxf6 Qxf6 18. h5 Rae8 19. Kf1 Nd8 20. Nf4 b5 21. Ne5 Kh7 22. g3 Nf7 23. Nxf7 Bxf7 24. Kg2 Re4 25. Rad1 Rfe8 26. f3 Re3 27. Kf2 Rxa3 28. Rhe1 Rxe1 29. Rxe1 Qd6 30. Rc1 a5 31. bxa5 b4 32. Rc8 b3 33. Kg1 Ra1+ 34. Rc1 Qa3 35. Nd3 Rxc1+ 36. Qxc1 Qxc1+ 37. Nxc1 b2 38. Ne2 b1=Q+ 39. Kf2 Qa2 40. Ke3 Qxa5 41. Kf4 Qd2+ 42. Ke5 Qxe2+ 43. Kxf5 Qd3+ 44. Ke5 Qe3+ 45. Kd6 Qxd4 46. Ke7 Qf6+ 47. Kd7 d4 48. g4 d3 49. g5 hxg5 50. f4 Be6+ 51. Kc6 gxf4 52. h6 gxh6 53. Kc7 d2 54. Kb7 d1=Q 55. Kc7 Qe5+ 56. Kc6 Qdd6+ 57. Kb7 Qb5+ 58. Ka7 Qda6# 0-1


[Site "https://www.chess.com"]

[Event "Titled Tuesday Blitz November 14 Late 2023"]
[White "Willy, Stephen"]
[Black "Cooper, Aaron"]
[WhiteFideId "30981468"]
[BlackFideId "2634945"]
[WhiteElo "2462"]
[BlackElo "2291"]
[Result "1-0"]
[Round "5"]
[TimeControl "180+1"]
[Date "2023.11.14"]
[WhiteClock "0:00:05"]
[BlackClock "0:00:00"]
[Board "111"]

1. e4 c5 2. c3 d5 3. exd5 Qxd5 4. d4 Nf6 5. Nf3 Bg4 6. Be2 e6 7. Be3 cxd4 8. cxd4 Nc6 9. Nc3 Bb4 10. O-O Bxc3 11. bxc3 O-O 12. Qb3 Na5 13. Qa4 b6 14. h3 Bh5 15. c4 Qb7 16. Rfd1 Rac8 17. Rac1 Rfd8 18. Bg5 h6 19. Bxf6 gxf6 20. d5 exd5 21. cxd5 Rxc1 22. Rxc1 Qxd5 23. Rd1 Qa8 24. Qf4 Rxd1+ 25. Bxd1 Qd8 26. Be2 Kg7 27. Bf1 Qd5 28. Nh4 Bg6 29. Qg3 Qxa2 30. Nf5+ Kh7 31. Ne3 Qe6 32. Qc7 Nc6 33. Bc4 Qe4 34. Bxf7 Ne7 35. Bd5 Qe5 36. Qxa7 f5 37. Bf3 f4 38. Nd5 Qe1+ 39. Kh2 Bf7 40. Nxe7 Qe6 41. Nd5 b5 42. Nxf4 Qe5 43. g3 Qf6 44. Bd5 Kg7 45. Nh5+ 1-0


[Site "https://www.chess.com"]